 Dungeon Crawl Stone Soup version 0.27.1-33-g824d729ab1 (webtiles) character file.

Game seed: 17079852903217343398

170 ibhhvc the Chopper (level 5, -5/45 HPs)
             Began as a Minotaur Gladiator on Dec 13, 2021.
             Slain by an orc warrior (12 damage)
             ... on level 2 of the Dungeon.
             The game lasted 00:19:00 (1599 turns).

ibhhvc the Chopper (Minotaur Gladiator)             Turns: 1599, Time: 00:19:01

Health: -5/45      AC:  8    Str: 20    XL:     5   Next: 25%
Magic:  4/4        EV:  8    Int:  5    God:
Gold:   81         SH:  0    Dex: 11    Spells: 4/4 levels left

rFire    . . .     SeeInvis .   a - +0 war axe
rCold    . . .     Faith    .   (no shield)
rNeg     . . .     Spirit   .   m - +0 chain mail
rPois    .         Reflect  .   c - +0 hat
rElec    .         Harm     .   (no cloak)
rCorr    .         Rampage  .   (no gloves)
Will     .....                  (no boots)
Stlth    ..........             (no amulet)
HPRegen  0.15/turn              n - +4 ring of slaying
MPRegen  0.09/turn              (no ring)

@: no status effects
A: horns 2, retaliatory headbutt
a: no special abilities


You were on level 2 of the Dungeon.
You visited 1 branch of the dungeon, and saw 4 of its levels.
You also visited: Sewer.

You collected 81 gold pieces.

Inventory:

Hand Weapons
 a - a +0 war axe (weapon)
 k - a +0 club
Missiles
 d - 3 throwing nets (quivered)
 h - 9 arrows
Armour
 b - a +0 leather armour
 c - a +0 hat (worn)
 f - a +0 ring mail
 m - a +0 chain mail (worn)
Jewellery
 n - a +4 ring of slaying (left hand)
Wands
 j - a wand of charming (3)
 l - a wand of iceblast (4)
Scrolls
 e - 2 scrolls of identify


   Skills:
 + Level 3.6 Fighting
 + Level 5.2 Axes
 + Level 2.1 Throwing
 + Level 2.0 Armour
 + Level 4.3 Dodging
 + Level 0.1 Stealth


You had 4 spell levels left.
You didn't know any spells.
Your spell library contained the following spells:

 Spells                   Type           Power      Damage    Failure   Level
 Animate Skeleton         Necr           0%         N/A       99%         1
 Pain                     Necr           0%         1d4       99%         1
 Vampiric Draining        Necr           0%         2d6       100%        3


Dungeon Overview and Level Annotations

Branches:
Dungeon (4/15)              Sewer (visited)
 Temple: D:4-7

Altars:


Innate Abilities, Weirdness & Mutations

You have a pair of horns on your head.
You reflexively headbutt those who attack you in melee.


Message History

The jackal bites you but does no damage.
The jackal bites you but does no damage.
There is a stone staircase leading up here.
The orc warrior hits you with a +1 long sword of electrocution!
You are electrocuted!
* * * LOW HITPOINT WARNING * * *
The jackal bites you but does no damage.
You climb upwards.
The hobgoblin shouts!
Found 2 brown potions and a scroll labelled LIESCHA DALUCUF.
There is a stone staircase leading down here.
You feel much better.
The jackal bites you but does no damage.
The orc warrior hits you with a +1 long sword of electrocution!
You are electrocuted!
The jackal barely misses you.
As you read the scroll labelled ZAMOVO BEYGH, it crumbles to dust.
It is a scroll of identify.
g - a scroll of fear The orc warrior closely misses you.
You furiously retaliate!
You headbutt the orc warrior. The jackal completely misses you.
As you read the scroll of fear, it crumbles to dust.
You assume a fearsome visage.
The jackal looks frightened!
The orc warrior looks frightened!
The plant is unaffected.
The hobgoblin looks frightened!
A bat comes into view.
The bat closely misses you.
Found a throwing net.
The bat hits you but does no damage. x2
The bat hits you but does no damage. x2
The bat hits you. The bat hits you but does no damage.
The bat hits you but does no damage. The bat hits you but does no damage. x2
The bat hits you but does no damage. The bat barely misses you.
You furiously retaliate!
You headbutt the bat!
You kill the bat!
The orc warrior hits you with a +1 long sword of electrocution.
You are electrocuted!
* * * LOW HITPOINT WARNING * * *
n - a +4 ring of slaying (left hand)
The orc warrior hits you with a +1 long sword of electrocution!
You die...

#### ##..####.#
##.# # ....
#...o!..# ... ####
#>.#######. ....
#........ .. ####
#...#.### .
#........ #
#.......P #
#o....... #
#@......? #
#.#.#.... #######
#.#.#.... ......#
#.#.. ##. #####.#
#.#... # #.# #.#
##( # #.# #.# .# #
#.# #.#
#####.##########.#


You could see an orc warrior.

Vanquished Creatures
  A wight (D:4)
  A centaur skeleton (D:4)
  Ijyb (D:3)
  A hound skeleton (D:4)
  An adder (D:2)
  3 dart slugs
  3 ball pythons (D:1)
  2 endoplasms
  6 giant cockroaches
  4 goblins
  4 hobgoblins
  2 quokkas (D:4)
  7 bats
  A frilled lizard (D:2)
  5 kobolds
  3 rats
45 creatures vanquished.

Vanquished Creatures (others)
  6 plants
6 creatures vanquished.

Grand Total: 51 creatures vanquished

Notes
Turn   | Place    | Note
-------+----------+-------------------------------------------
     0 | D:1      | ibhhvc the Minotaur Gladiator began the quest for the Orb.
     0 | D:1      | Reached XP level 1. HP: 18/18 MP: 0/0
   411 | D:1      | Reached XP level 2. HP: 21/25 MP: 1/1
   430 | D:1      | Reached skill level 4 in Axes
   867 | D:3      | Reached XP level 3. HP: 30/30 MP: 2/2
   939 | D:3      | Noticed Ijyb
   975 | D:3      | Killed Ijyb
  1057 | D:2      | Reached skill level 1 in Armour
  1057 | D:2      | Reached XP level 4. HP: 36/38 MP: 3/3
  1417 | D:2      | You fall into a shaft and drop 2 floors!
  1463 | D:4      | Found a glowing drain.
  1474 | D:4      | Reached skill level 5 in Axes
  1481 | Sewer    | Entered a sewer
  1530 | D:4      | Reached XP level 5. HP: 24/45 MP: 4/4
  1558 | D:3      | Noticed an orc warrior
  1599 | D:2      | Slain by an orc warrior

Illustrated notes

Levels and vault maps discovered:
D:1:      wheals_arrival_linesprint, layout_basic, serial_bayou_pond_a
D:2:      cheibrodos_old_hovel, layout_loops_ring
D:3:      layout_loops_ring, biasface_ghost_orc_armoury, uniq_ijyb, uniq_sigmund
D:4:      layout_loops_ring, ashenzari_conservatory_becter,
          portal_sewer_entry_f, chequers_mini_garden, minmay_rat_hole

Skill      XL: |  1  2  3  4 |
---------------+-------------+-----
Axes           | 4 5 |  5.2
Dodging        | 4 |  4.3
Fighting       | 3 |  3.6
Armour         | 1 2 |  2.0
Throwing       | |  2.1
Stealth        | |  0.1

Action                   |  1- 3 |  4- 6 || total
-------------------------+-------+-------++-------
Melee: War axe           |    47 |    37 ||    84
       Headbutt          |     6 |    12 ||    18
  Use: Potion            |     1 |     3 ||     4
       Scroll            |       |     2 ||     2
Armor: Ring mail         |    16 |       ||    16
       Leather armour    |     2 |       ||     2
       Chain mail        |     2 |    46 ||    48
Dodge: Dodged            |    36 |    25 ||    61
